 Dungeon Crawl Stone Soup version 0.20.1 (webtiles) character file.

8136 VajrapaniSR the Grappler (level 11, -4/107 HPs)
             Began as a Troll Monk on July 2, 2017.
             Was a Priest of Cheibriados.
             Slain by an unseen horror (11 damage)
             ... on level 11 of the Dungeon.
             The game lasted 00:28:20 (2953 turns).

VajrapaniSR the Grappler (Troll Monk)               Turns: 2953, Time: 00:28:20

Health: -4/107     AC:  7    Str: 28    XL:     11   Next: 5%
Magic:  10/10      EV: 14    Int: 15    God:    Cheibriados [***...]
Gold:   142        SH:  0    Dex: 20    Spells: 10/10 levels left

rFire    . . .     SeeInvis .     - Unarmed
rCold    . . .     Gourm    +   (no shield)
rNeg     . . .     Faith    .   j - +2 robe {Archmagi}
rPois    .         Spirit   .   (helmet restricted)
rElec    .         Reflect  .   (no cloak)
rCorr    .         Harm     .   (gloves unavailable)
MR       .....                  (boots unavailable)
Stlth    ++........             (no amulet)
Regen    0.7/turn               (no ring)
MPRegen  0.2/turn               (no ring)

@: very slow
A: unfitting armour, claws 3, clever 1, clumsy 1, fast metabolism 3, gourmand,
mutation resistance 1, regeneration 1, shaggy fur 1, tough skin 2, subdued magic
1
a: Bend Time, Temporal Distortion, Renounce Religion


You were on level 11 of the Dungeon.
You worshipped Cheibriados.
Cheibriados was most pleased with you.
You were not hungry.

You visited 2 branches of the dungeon, and saw 13 of its levels.

You collected 142 gold pieces.

Inventory:

Missiles
 l - 8 curare-tipped needles
Armour
 j - a +2 robe of the Archmagi (worn)
Wands
 i - a wand of lightning (7/15)
 m - a wand of disintegration (14/24)
Scrolls
 a - 3 scrolls of remove curse
 c - 2 scrolls of teleportation
Comestibles
 b - 5 bread rations
 d - 3 royal jellies
 g - a meat ration
 h - a fruit


   Skills:
 + Level 6.6 Fighting
 + Level 6.5 Dodging
 - Level 1.0 Stealth
 + Level 13.6 Unarmed Combat


You had 10 spell levels left.
You didn't know any spells.

Dungeon Overview and Level Annotations

Branches:
Dungeon (12/15)            Temple (1/1) D:5
   Lair: D:8-11         Orc: D:9-12

Altars:
Ashenzari
Cheibriados
Dithmenos
Elyvilon
Fedhas
Gozag
Hepliaklqana
Kikubaaqudgha
Makhleb
Nemelex Xobeh
Okawaru
Qazlal
Ru
Sif Muna
Trog
Uskayaw
Vehumet
Xom
Zin
The Shining One

Shops:
D:6 (

Annotations:
D:2 Robin
D:8 exclusion: 3 killer bees


Innate Abilities, Weirdness & Mutations

You are too large for most types of armour.
You have claws for hands.
Your metabolism is lightning-fast.
You like to eat raw meat.
Your natural rate of healing is unusually fast.
You are covered in fur. (AC +1)
You have very tough skin. (AC +2)
Your mind is acute. (Int +2)
You are clumsy. (Dex -2)
You are somewhat resistant to further mutation.
Your spells are a little easier to cast, but a little less powerful.


Message History

You completely miss something. Something barely misses you.
Something hits you but does no damage.
You barely miss something. Something hits you but does no damage.
Something hits you.
* * * LOW HITPOINT WARNING * * *
You take 3 damage, and have 20/107 hp.
You barely miss something. Something hits you!
* * * LOW HITPOINT WARNING * * *
You take 7 damage, and have 13/107 hp.
You claw something! Something hits you but does no damage. Something hits you!
* * * LOW HITPOINT WARNING * * *
You take 8 damage, and have 5/107 hp.
You aren't carrying any potions.
Okay, then.
Okay, then.
You miss something. Something hits you but does no damage.
You barely miss something. You claw something.
Something hits you but does no damage. Something hits you!
You die...

# ### .. .. #.# .#
#.. ####.# .##...
#....##.[....
#.##.(.....#.
#####.#..[.......
#.@...#.#..######
#{#####.#..#.(..#..
##....>.............
#....†..##.####.....
#.#..(.(......#.....
#+####(#.##.........
#./............
.......#. .....
......#.# .....


There were no monsters in sight!

Vanquished Creatures
  2 two-headed ogres (D:10)
  The ghost of tognito the Severer, a novice MiBe of Trog (D:9)
  The ghost of protoss039 the Thaumaturge, a journeyman DECj of Vehumet (D:11)
  2 unseen horrors (D:10)
  Pikel (D:7)
  An ugly thing (D:11)
  A cyclops (D:11)
  Joseph (D:7)
  A hippogriff (D:9)
  A steam dragon (D:7)
  An ice beast (D:11)
  A black bear (D:10)
  An orc warrior (D:9)
  2 ogres
  A centaur (D:9)
  Blork the orc (D:6)
  5 bullfrogs
  2 scorpions (D:6)
  A wyvern skeleton (D:7)
  A killer bee (D:7)
  7 howler monkeys
  2 crimson imps
  2 quasits
  3 hounds
  2 orc priests
  3 centaur skeletons
  A bullfrog skeleton (D:4)
  2 iguanas
  11 orc wizards
  7 worker ants
  A killer bee zombie (D:9)
  A hound skeleton (D:6)
  A howler monkey zombie (D:9)
  A worker ant zombie (D:6)
  3 gnolls (D:5)
  7 adders
  A shadow imp (D:7)
  An adder skeleton (D:6)
  An adder zombie (D:6)
  3 worms
  5 leopard geckos
  28 orcs
  12 giant cockroaches
  7 goblins
  2 hobgoblins (D:2)
  7 jackals (D:2)
  2 quokkas
  3 bats (D:2)
  A frilled lizard (D:5)
  A jackal zombie (D:6)
  3 kobolds (D:2)
  A leopard gecko zombie (D:7)
  A rat (D:3)
161 creatures vanquished.

Vanquished Creatures (others)
  2 slaves (D:7)
  2 howler monkeys (D:7)
4 creatures vanquished.

Grand Total: 165 creatures vanquished

Notes
Turn   | Place    | Note
-------+----------+-------------------------------------------
     0 | D:1      | VajrapaniSR the Troll Monk began the quest for the Orb.
     0 | D:1      | Reached XP level 1. HP: 22/22 MP: 0/0
     3 | D:1      | murphy: seems i gave u bad advice here
     5 | D:1      | VajrapaniSR: troll has bad defence
     5 | D:1      | murphy: but in my defense i didn't say u should do it
     5 | D:1      | VajrapaniSR: it would probably work better on DD
     5 | D:1      | murphy: i didn't know hwat your char has
    13 | D:1      | murphy: yes maybe
    14 | D:1      | VajrapaniSR: it wasn't a very good char anyway
    14 | D:1      | VajrapaniSR: went to like d:8
    14 | D:1      | murphy: ok
    14 | D:1      | VajrapaniSR: and temple didn't spawn
    14 | D:1      | VajrapaniSR: so i had to backtrack for a billion turns
    62 | D:2      | Reached XP level 2. HP: 28/29 MP: 1/1
   108 | D:2      | Found a shadowy altar of Dithmenos.
   119 | D:2      | Reached skill level 4 in Unarmed Combat
   151 | D:2      | Found a hide-covered altar of Uskayaw.
   160 | D:2      | Reached XP level 3. HP: 33/36 MP: 2/2
   251 | D:2      | Found an iron altar of Okawaru.
   269 | D:2      | murphy: hi kuniqs
   271 | D:2      | murphy: changed my mind
   298 | D:2      | murphy: i don't wanna play right now
   314 | D:2      | Noticed Robin
   322 | D:3      | murphy: sry to keep u waiting
   501 | D:3      | Reached skill level 5 in Unarmed Combat
   501 | D:3      | Reached XP level 4. HP: 41/44 MP: 3/3
   522 | D:4      | murphy: vajrapni there is one strat u could employ for finding the temple
   523 | D:4      | murphy: usually i dive to d:4 d:5
   523 | D:4      | VajrapaniSR: reading all my scrolls on d:4
   523 | D:4      | murphy: and start searching for temple on d4-d:7
   523 | D:4      | murphy: oh yeah ofc
   523 | D:4      | murphy: but let's say u jave no scroll
   523 | D:4      | VajrapaniSR: k
   523 | D:4      | murphy: u could say well one quarter of my games the temple will be on d:4
   523 | D:4      | murphy: so u only play those games
   523 | D:4      | murphy: i havn't done that so far
   523 | D:4      | VajrapaniSR: oh, so explore all of d:4
   523 | D:4      | murphy: y
   523 | D:4      | VajrapaniSR: and if it's not there, quit
   523 | D:4      | VajrapaniSR: hmm
   523 | D:4      | murphy: u bet that the temple is on d
   523 | D:4      | murphy: d:4
   523 | D:4      | VajrapaniSR: i'll try it
   523 | D:4      | murphy: not sure it's fun
   529 | D:4      | VajrapaniSR: after this game
   529 | D:4      | VajrapaniSR: if temple spawns late as well
   529 | D:4      | Reached XP level 5. HP: 45/50 MP: 4/4
   532 | D:4      | murphy: also u are still praticing combos
   534 | D:4      | murphy: so it's no big deal
   540 | D:4      | murphy: if u find the temple later
   551 | D:5      | Entered Level 5 of the Dungeon
   628 | D:5      | murphy: but earlier god means earilier piety
   638 | D:5      | murphy: means more power early and later
   645 | D:5      | VajrapaniSR: i'm guessing biggest priority is
   645 | D:5      | VajrapaniSR: temple, shield
   645 | D:5      | VajrapaniSR: and armour
   654 | D:5      | Noticed an air elemental
   656 | D:5      | Found a stormy altar of Qazlal.
   657 | D:5      | Noticed a fire elemental
   657 | D:5      | Noticed a water elemental
   672 | D:5      | murphy: at least u don't have to worry about weapon
   677 | D:5      | Reached skill level 6 in Unarmed Combat
   678 | D:5      | VajrapaniSR: yep
   736 | D:5      | murphy: armour will be troll leather
   745 | D:5      | murphy: and maybe u find a bunch of large rocks for hydras
   745 | D:5      | VajrapaniSR: yeah, best case scenario for lair is
   745 | D:5      | murphy: potion of lig works too
   745 | D:5      | VajrapaniSR: early chei + rocks + tla
   745 | D:5      | VajrapaniSR: that can get me to lair branches and beyond
   776 | D:6      | Found Laselion's Weapon Emporium.
   782 | D:6      | murphy: i bet u probably want to find swamp
   783 | D:6      | murphy: and take swamp dragon armour
   783 | D:6      | VajrapaniSR: of course
   783 | D:6      | VajrapaniSR: i'd find vampircic
   783 | D:6      | VajrapaniSR: demon blade on a troll
   783 | D:6      | murphy: lol
   832 | D:6      | Reached skill level 7 in Unarmed Combat
   832 | D:6      | Reached XP level 6. HP: 59/59 MP: 5/5
   838 | D:6      | Noticed Blork the orc
   849 | D:6      | Killed Blork the orc
   910 | D:7      | Reached skill level 8 in Unarmed Combat
   914 | D:7      | Reached XP level 7. HP: 42/66 MP: 6/6
   925 | D:7      | Noticed Joseph
   937 | D:7      | Killed Joseph
   937 | D:7      | Reached skill level 9 in Unarmed Combat
   985 | D:7      | Noticed Pikel
   997 | D:7      | Killed Pikel
   997 | D:7      | Reached skill level 10 in Unarmed Combat
   997 | D:7      | Reached XP level 8. HP: 63/74 MP: 7/7
  1026 | D:7      | VajrapaniSR: robe of the archmagi
  1026 | D:7      | VajrapaniSR: WHY
  1035 | D:7      | murphy: :P
  1053 | D:7      | murphy: statue troll
  1056 | D:7      | VajrapaniSR: oh yeah
  1056 | D:7      | VajrapaniSR: that'll help for spellpow
  1119 | D:7      | murphy: steam dragon scales
  1122 | D:7      | Reached skill level 11 in Unarmed Combat
  1126 | D:7      | murphy: :/
  1126 | D:7      | VajrapaniSR: darn
  1272 | D:5      | Found a shattered altar of Ashenzari.
  1283 | D:5      | Found a staircase to the Ecumenical Temple.
  1287 | Temple   | Entered the Ecumenical Temple
  1306 | Temple   | murphy: not bad
  1329 | Temple   | murphy: :(
  1329 | Temple   | VajrapaniSR: sigh
  1329 | Temple   | murphy: lol
  1329 | Temple   | VajrapaniSR: hopefully chei is on d:5
  1342 | Temple   | murphy: yeah i think so
  1422 | D:5      | Found a sacrificial altar of Ru.
  1425 | D:5      | Found a snail-covered altar of Cheibriados.
  1427 | D:5      | Found a burning altar of Makhleb.
  1428 | D:5      | VajrapaniSR: ok found him
  1428 | D:5      | VajrapaniSR: he's on an upstairs on d:6
  1604 | D:6      | murphy: is it good or bad to pickup gold?
  1608 | D:6      | VajrapaniSR: gold can buy scrolls/equipment
  1608 | D:6      | VajrapaniSR: i'd say it's probably good
  1608 | D:6      | VajrapaniSR: if there's like dragon scales somewhere
  1608 | D:6      | VajrapaniSR: or book of the earth
  1651 | D:6      | murphy: so why do u leave out gold all the time?
  1652 | D:6      | VajrapaniSR: oh, i think i forget
  1652 | D:6      | VajrapaniSR: too focused on finding the chei staircase
  1686 | D:6      | Reached XP level 9. HP: 78/80 MP: 8/8
  1707 | D:6      | murphy: take curare
  1758 | D:6      | murphy: if u find a blowgun pick it up
  1771 | D:6      | Reached skill level 12 in Unarmed Combat
  1775 | D:6      | murphy: 8 curare is strong
  1775 | D:6      | VajrapaniSR: k
  2014 | D:5      | VajrapaniSR: dammit
  2014 | D:5      | VajrapaniSR: the staircase was one i used
  2021 | D:5      | Became a worshipper of Cheibriados the Contemplative
  2021 | D:5      | Reached * piety under Cheibriados
  2021 | D:5      | Reached ** piety under Cheibriados
  2038 | D:6      | murphy: no
  2043 | D:7      | murphy: it got revealed
  2043 | D:7      | VajrapaniSR: oh
  2043 | D:7      | murphy: because u saw it
  2043 | D:7      | murphy: not because u used it
  2120 | D:8      | VajrapaniSR: are you kidding me
  2120 | D:8      | VajrapaniSR: instantly marked
  2120 | D:8      | VajrapaniSR: by the bees
  2235 | D:9      | Noticed tognito's ghost (novice MiBe)
  2247 | D:9      | Killed tognito's ghost
  2254 | D:9      | murphy: use cheis first ability
  2254 | D:9      | murphy: ok
  2254 | D:9      | murphy: nvm
  2254 | D:9      | murphy: u got him
  2263 | D:9      | murphy: nice
  2283 | D:9      | murphy: i underestimated your power
  2303 | D:9      | VajrapaniSR: chei troll has super good offense
  2303 | D:9      | VajrapaniSR: only problem now is the defense
  2419 | D:10     | Entered Level 10 of the Dungeon
  2528 | D:10     | Noticed a two-headed ogre
  2538 | D:10     | Killed a two-headed ogre
  2538 | D:10     | Reached skill level 5 in Fighting
  2538 | D:10     | Reached XP level 10. HP: 17/96 MP: 9/9
  2588 | D:10     | Gained mutation: You are clumsy. (Dex -2) [potion of mutation]
  2588 | D:10     | Gained mutation: Your mind is acute. (Int +2) [potion of mutation]
  2588 | D:10     | Gained mutation: Your spells are a little easier to cast, but a little less powerful. [potion of mutation]
  2588 | D:10     | Gained mutation: You are somewhat resistant to further mutation. [potion of mutation]
  2592 | D:10     | Killed an unseen horror
  2592 | D:10     | Reached skill level 5 in Dodging
  2616 | D:10     | Reached skill level 13 in Unarmed Combat
  2664 | D:10     | VajrapaniSR: ??lair
  2664 | D:10     | beem: lair[1/2]: Accessed from the main dungeon somewhere between levels 8 and 11. Six levels deep. The lair is full of "natural" critters such as rats, snakes, and yaks. One of Swamp/Shoals and one of Snake/Spider appears there, as well as Slime, and there is a relatively hard vault on Lair:6. The petting zoo of Crawl, if petting zoos had hydras.
  2686 | D:10     | Noticed a two-headed ogre
  2690 | D:10     | Reached *** piety under Cheibriados
  2696 | D:10     | Killed a two-headed ogre
  2713 | D:10     | Killed an unseen horror
  2747 | D:11     | Noticed a brown ugly thing
  2748 | D:11     | Noticed protoss039's ghost (journeyman DECj)
  2767 | D:11     | Killed protoss039's ghost
  2777 | D:11     | Killed a brown ugly thing
  2778 | D:11     | Reached XP level 11. HP: 17/107 MP: 7/10
  2785 | D:11     | Noticed a five-headed hydra
  2786 | D:11     | Noticed a two-headed ogre
  2805 | D:11     | murphy: u could have use temporal distortion
  2805 | D:11     | VajrapaniSR: on the hydra?
  2805 | D:11     | murphy: ??temporal distortion
  2805 | D:11     | beem: temporal distortion[1/3]: 3* Cheibriados ability. Acts like a very low-duration (3-5 turns) instant step from time, the result of which is that monsters will approach you while you're safe from their ranged attacks. Monsters can also walk through you while you use it, which gives it many, many uses.
  2805 | D:11     | VajrapaniSR: 63% chance though
  2805 | D:11     | murphy: oh
  2827 | D:11     | VajrapaniSR: misclick
  2827 | D:11     | VajrapaniSR: dammit
  2827 | D:11     | murphy: fog?
  2828 | D:11     | VajrapaniSR: nothing, might have to go down a staircase
  2829 | D:11     | murphy: y
  2829 | D:11     | HP: 1/107 [something (8)]
  2831 | D:12     | murphy: wow
  2831 | D:12     | murphy: nice
  2831 | D:12     | VajrapaniSR: holy crap
  2843 | D:12     | murphy: bread swing here
  2852 | D:12     | murphy: then go up
  2869 | D:12     | murphy: to get those rocks
  2892 | D:11     | VajrapaniSR: unseen horro
  2892 | D:11     | murphy: down
  2950 | D:11     | HP: 5/107 [something (9)]
  2953 | D:11     | Slain by an unseen horror

Skill      XL: |  1  2  3  4  5  6  7  8  9 10 |
---------------+-------------------------------+-----
Unarmed Combat | 4 5 7 8 10 11 12 13 | 13.6
Fighting       | 5 6 |  6.6
Dodging        | 4 6 |  6.5
Stealth        | |  1.0

Action                   |  1- 3 |  4- 6 |  7- 9 | 10-12 || total
-------------------------+-------+-------+-------+-------++-------
Melee: Unarmed           |   111 |    84 |   202 |    88 ||   485
       Punch             |     2 |     3 |     7 |    11 ||    23
Invok: Bend Time         |       |       |     1 |     2 ||     3
  Use: Potion            |     1 |     1 |     2 |     3 ||     7
       Scroll            |       |     5 |     6 |     2 ||    13
 Stab: Sleeping          |       |     1 |       |       ||     1
  Eat: Chunk             |     6 |     5 |    11 |     3 ||    25
Armor: Robe              |    41 |    19 |    66 |    38 ||   164
       Skin              |       |    18 |     4 |       ||    22
Dodge: Dodged            |    87 |    25 |    83 |    43 ||   238
